 Dungeon Crawl Stone Soup version 0.24-a0-235-g3f03afc (webtiles) character file.

Game seed: 7978594897174401800

6948 xeno23 the Covert (level 11, -3/64 HPs)
             Began as an Octopode Assassin on Apr 7, 2019.
             Was a Believer of Uskayaw.
             Slain by an eight-headed hydra (15 damage)
             ... on level 1 of the Lair of Beasts.
             The game lasted 00:44:48 (9972 turns).

xeno23 the Covert (Octopode Assassin)               Turns: 9972, Time: 00:44:49

Health: -3/64      AC:  1    Str: 12    XL:     11   Next: 7%
Magic:  20/20      EV: 18    Int: 14    God:    Uskayaw [**....]
Gold:   647        SH:  0    Dex: 18    Spells: 10/10 levels left

rFire    . . .     SeeInvis .   d - +0 falchion (elec)
rCold    . . .     Gourm    .   (no shield)
rNeg     . . .     Faith    .   (helmet restricted)
rPois    .         Spirit   .   G - amulet of rage
rElec    .         Reflect  .   q - ring of magical power
rCorr    .         Harm     .   r - +1 ring of evasion
MR       .....                  A - +3 ring of dexterity
Stlth    +++++++...             I - +2 ring of evasion
HPRegen  0.20/turn              (no ring)
MPRegen  0.17/turn              (no ring)
                                (no ring)
                                (no ring)

@: lethally poisoned (-3 -> -6), invisible
A: almost no armour, stealthy swim, amphibious, 8 rings, constrict 8, camouflage
1, gelatinous body 1
a: Stomp, Line Pass, Renounce Religion, Evoke Berserk Rage


You were on level 1 of the Lair of Beasts.
You worshipped Uskayaw.
Uskayaw was noncommittal.
You were not hungry.

You visited 3 branches of the dungeon, and saw 11 of its levels.
You also visited: Sewer.

You collected 647 gold pieces.

Inventory:

Hand Weapons
 a - a +0 rapier of speed
 d - a +0 falchion of electrocution (weapon)
 s - a +0 blowgun
 B - a +1 dagger of protection
 H - a +1 falchion of flaming
Missiles
 c - 45 poisoned needles
 t - 7 javelins of returning (quivered)
 D - 2 curare-tipped needles
 K - 4 throwing nets
Jewellery
 q - a ring of magical power (left tentacle)
 r - a +1 ring of evasion (right tentacle)
 A - a +3 ring of dexterity (on tentacle)
 G - an amulet of rage (around mantle)
 I - a +2 ring of evasion (on tentacle)
Wands
 n - a wand of iceblast (19)
 x - a wand of random effects (24)
 L - a wand of digging (4)
Scrolls
 e - 4 scrolls of teleportation
 j - 3 scrolls of magic mapping {unknown}
 k - a scroll of identify
 l - 4 scrolls of blinking {unknown}
 m - 10 scrolls of remove curse
 u - a scroll of immolation {unknown}
 v - 2 scrolls of noise {unknown}
 w - 3 scrolls of amnesia {unknown}
 y - 2 scrolls of enchant armour {unknown}
 z - 3 scrolls of enchant weapon {unknown}
 F - 2 scrolls of torment {unknown}
Potions
 b - 4 potions of invisibility
 g - 3 potions of agility
 h - 2 potions of ambrosia
 i - 4 potions of curing
 o - a potion of flight {unknown}
 p - 4 potions of might
 C - a potion of haste {unknown}
 E - a potion of berserk rage {unknown}
Comestibles
 f - 18 rations
 J - 6 chunks of flesh


   Skills:
 - Level 2.0 Fighting
 - Level 10.2(11.5) Short Blades
 * Level 8.7(10.8) Long Blades
 - Level 2.0 Throwing
 + Level 3.4 Dodging
 + Level 13.7 Stealth


You had 10 spell levels left.
You didn't know any spells.
Your spell library was empty.

Dungeon Overview and Level Annotations

Branches:
Dungeon (9/15)             Temple (1/1) D:5            Lair (1/6) D:9
    Orc: D:9-12

Altars:
Ashenzari
Cheibriados
Dithmenos
Elyvilon
Fedhas
Gozag
Hepliaklqana
Kikubaaqudgha
Makhleb
Nemelex Xobeh
Okawaru
Qazlal
Ru
Sif Muna
Trog
Uskayaw
Vehumet
Wu Jian
Xom
Yredelemnul
Zin
The Shining One

Shops:
D:5 *   D:8 !


Innate Abilities, Weirdness & Mutations

You cannot wear most types of armour.
You are very stealthy in the water. (Stealth+)
You are amphibious.
You can wear up to eight rings at the same time.
You can use your tentacles to constrict eight enemies at once.
Your skin changes colour to match your surroundings (Stealth+).
Your rubbery body absorbs attacks. (AC +1, EV +1)


Message History

The iceblast engulfs the eight-headed hydra!
The eight-headed hydra is severely wounded.
The iceblast engulfs the spiny frog!
You kill the spiny frog!
You feel sick.
You hear a croak.
You hear an angry hiss.
You take 1 damage.
You feel sick.
You take 1 damage.
A spiny frog comes into view.
You feel sick.
You take 1 damage.
Okay, then.
Unknown command.
Evoke which item? (* to show all) (? for menu, Esc to quit)
Okay, then.
Unknown command.
You fade into invisibility!
The eight-headed hydra bites you!
You die...

#..†.# ###..##
##### ##.†# ##.#.#
#..# ##....## ##.##
#......## #..#
#.......##
#..###........##
##.D#..........# #
#.@#..........## #
##.............# ##
#.............# #.
#.............####
#.....F........##.
#.....^...........
#...............###
#...............# #
#................#


You could see an eight-headed hydra and a spiny frog.

Vanquished Creatures
  Psyche (D:8)
  A spiny frog (Lair:1)
  A komodo dragon (Lair:1)
  A troll (D:9)
  2 hippogriffs
  A wyvern (D:8)
  A hungry ghost (D:9)
  2 wargs (D:9)
  Duvessa (D:4)
  3 orc warriors
  A porcupine (Lair:1)
  2 sky beasts
  A black bear (D:3)
  2 ice beasts
  2 phantoms
  3 ogres
  A centaur (D:9)
  2 crocodiles (Lair:1)
  7 bullfrogs
  Blork the orc (D:4)
  A gnoll sergeant (D:9)
  Dowan (D:4)
  2 scorpions
  16 killer bees
  4 wights (D:6)
  2 howler monkeys
  A crimson imp (D:5)
  3 bullfrog zombies
  A hound (D:6)
  5 jellies
  6 orc wizards
  6 orc priests
  Crazy Yiuf (D:5)
  2 bullfrog skeletons
  A centaur skeleton (D:9)
  An iguana (D:4)
  16 worker ants
  A hound zombie (D:8)
  A hound skeleton (D:4)
  A worker ant zombie (D:8)
  10 gnolls
  19 adders
  12 oozes
  2 adder zombies
  2 adder skeletons (D:9)
  2 worms
  3 dart slugs
  9 leopard geckos
  27 orcs
  16 ball pythons
  19 giant cockroaches
  4 goblins
  5 hobgoblins
  5 jackals
  2 quokkas
  10 bats
  16 frilled lizards
  9 kobolds
  A leopard gecko skeleton (D:6)
  A leopard gecko zombie (D:5)
  A quokka skeleton (D:9)
  8 rats
291 creatures vanquished.

Vanquished Creatures (others)
  2 plants (D:9)
2 creatures vanquished.

Grand Total: 293 creatures vanquished

Notes
Turn   | Place    | Note
-------+----------+-------------------------------------------
     0 | D:1      | xeno23 the Octopode Assassin began the quest for the Orb.
     0 | D:1      | Reached XP level 1. HP: 14/14 MP: 1/1
    65 | D:1      | Reached XP level 2. HP: 14/19 MP: 2/2
   552 | D:1      | Reached XP level 3. HP: 24/24 MP: 3/3
   853 | D:2      | Reached skill level 6 in Stealth
   883 | D:2      | Noticed an ogre
   913 | D:2      | Killed an ogre
   913 | D:2      | Reached XP level 4. HP: 24/29 MP: 4/4
   913 | D:2      | Reached XP level 5. HP: 28/34 MP: 5/5
  1349 | D:2      | Reached skill level 7 in Stealth
  1441 | D:2      | Reached skill level 5 in Short Blades
  1493 | D:2      | Reached XP level 6. HP: 39/39 MP: 6/6
  1686 | D:3      | Noticed a black bear
  1721 | D:3      | Killed a black bear
  2710 | D:4      | Noticed Blork the orc
  2719 | D:4      | Killed Blork the orc
  2719 | D:4      | Reached XP level 7. HP: 45/45 MP: 7/7
  2774 | D:4      | Reached skill level 8 in Stealth
  2789 | D:4      | Noticed Duvessa
  2884 | D:4      | Noticed Dowan
  2903 | D:4      | Killed Duvessa
  2913 | D:4      | Killed Dowan
  3084 | D:4      | Reached skill level 9 in Stealth
  3084 | D:4      | Reached XP level 8. HP: 25/50 MP: 8/8
  3599 | D:5      | Entered Level 5 of the Dungeon
  3602 | D:5      | Found a staircase to the Ecumenical Temple.
  3661 | D:5      | Found a glowing drain.
  3665 | Sewer    | Entered a sewer
  4313 | D:5      | Found a runed translucent door.
  4314 | D:5      | Noticed Crazy Yiuf
  4320 | D:5      | Killed Crazy Yiuf
  4385 | D:5      | Reached skill level 10 in Stealth
  4388 | Temple   | Entered the Ecumenical Temple
  4689 | D:5      | Found Aguc's Elemental Accessories.
  4919 | D:5      | Reached XP level 9. HP: 49/54 MP: 9/9
  5214 | D:6      | Found a basalt altar of Yredelemnul.
  5273 | D:6      | Reached skill level 11 in Stealth
  5442 | D:6      | Noticed a +0 dagger
  5442 | D:6      | Noticed a +0 hand axe
  5475 | D:6      | Found a hide-covered altar of Uskayaw.
  5482 | D:6      | Became a worshipper of Uskayaw the Reveler
  5526 | D:6      | Reached skill level 10 in Short Blades
  5526 | D:6      | Reached * piety under Uskayaw
  5544 | D:6      | Reached ** piety under Uskayaw
  6202 | D:7      | Reached skill level 1 in Long Blades
  6596 | D:7      | Reached *** piety under Uskayaw
  6597 | D:7      | Reached skill level 12 in Stealth
  6799 | D:8      | Reached XP level 10. HP: 39/60 MP: 10/10
  6979 | D:8      | Reached skill level 5 in Long Blades
  7050 | D:8      | Noticed Psyche
  7081 | D:8      | Found a snail-covered altar of Cheibriados.
  7730 | D:8      | Found Fafuraumn's Distillery.
  7772 | D:8      | Killed Psyche
  8352 | D:9      | Found a white marble altar of Elyvilon.
  8353 | D:9      | Found a stormy altar of Qazlal.
  8353 | D:9      | Found a sacrificial altar of Ru.
  8354 | D:9      | Found a shadowy altar of Dithmenos.
  8676 | D:9      | Reached skill level 13 in Stealth
  9457 | D:9      | Found a staircase to the Lair.
  9851 | Lair:1   | Entered Level 1 of the Lair of Beasts
  9939 | Lair:1   | Reached XP level 11. HP: 39/64 MP: 11/11
  9947 | Lair:1   | Noticed an eight-headed hydra
  9972 | Lair:1   | Slain by an eight-headed hydra

Levels and vault maps discovered:
D:1:      denvon_arrival_planthouse, layout_basic
D:2:      layout_basic
D:3:      layout_basic, first_ration
D:4:      layout_cave_pools, serial_bayou_pond_d, hangedman_feature_mirror,
          kennysheep_crisscross, uniq_blork_the_orc, uniq_duvessa
D:5:      layout_rooms, minmay_temple_entry_proselytizer, gup_sewer_entry_bowl,
          chequers_avenue, nicolae_elemental_shop, kennysheep_generic_room_6,
          uniq_crazy_yiuf_cottage
D:6:      layout_rooms, dancing_weapons_uskayaw, basic_altar,
          kennysheep_generic_room_12
D:7:      layout_loops_ring
D:8:      layout_basic, lemuel_doored_altar, serial_shops,
          nicolae_shop_window_shopping, uniq_psyche
D:9:      layout_loops_ring, chequers_temple_overflow_statue_of_worship,
          erik_lair_orcish_takeover
Temple:   nicolae_temple_x_marks_the_god
Lair:1:   layout_cave_pods, cheibrodos_lair_lostbears, uniq_joseph
Sewer:    sewer_frog_island_02

Skill      XL: |  1  2  3  4  5  6  7  8  9 10 |
---------------+-------------------------------+-----
Short Blades   | 3 4 5 6 7 9 10 | 10.2
Stealth        | 6 7 9 10 12 13 | 13.7
Long Blades    | 4 8 |  8.7
Dodging        | 3 |  3.4
Fighting       | |  2.0
Throwing       | |  2.0

Action                   |  1- 3 |  4- 6 |  7- 9 | 10-12 || total
-------------------------+-------+-------+-------+-------++-------
Melee: Dagger            |    42 |    84 |    27 |       ||   153
       Constrict         |     7 |    16 |    60 |    37 ||   120
       Tentacles         |     4 |    16 |    79 |    48 ||   147
       Rapier            |       |       |   296 |    14 ||   310
       Falchion          |       |       |    36 |   171 ||   207
 Fire: Blowgun           |     6 |     7 |    21 |     6 ||    40
Invok: Line Pass         |       |       |     1 |       ||     1
Evoke: Wand              |       |       |       |     5 ||     5
  Use: Scroll            |       |       |     6 |     2 ||     8
       Potion            |       |       |       |     2 ||     2
 Stab: Sleeping          |    12 |    19 |    46 |    11 ||    88
       Paralysed         |       |       |     1 |     2 ||     3
       Confused          |       |       |     1 |       ||     1
       Distracted        |       |       |       |     2 ||     2
  Eat: Chunk             |       |     4 |    15 |    11 ||    30
       Ration            |       |       |       |     1 ||     1
Armor: Skin              |     6 |     5 |     7 |     8 ||    26
Dodge: Dodged            |    20 |    39 |   106 |   106 ||   271
       Rpst.: Falchion   |       |       |     6 |    35 ||    41

Table legend:
 A = Non-vault XP
 B = Vault XP
 C = Vault XP percentage of total XP
 D = Non-vault monster count
 E = Vault monster count
 F = Vault count percentage of total count
                 A         B        C        D         E       F
            +---------+---------+-------+---------+---------+-------
      Total |    8087 |    1840 |  18.5 |     213 |      78 |  26.8
            +---------+---------+-------+---------+---------+-------
        D:1 |      37 |       0 |   0.0 |      22 |       0 |   0.0
        D:2 |     282 |       0 |   0.0 |      29 |       0 |   0.0
        D:3 |     221 |       0 |   0.0 |      18 |       0 |   0.0
        D:4 |     428 |     361 |  45.8 |      18 |       4 |  18.2
        D:5 |     608 |     110 |  15.3 |      22 |       7 |  24.1
        D:6 |     798 |       0 |   0.0 |      15 |       0 |   0.0
        D:7 |    1182 |       0 |   0.0 |      23 |       0 |   0.0
        D:8 |    1020 |     434 |  29.8 |      21 |       1 |   4.5
        D:9 |    2392 |     547 |  18.6 |      40 |       7 |  14.9
     Lair:1 |    1119 |       0 |   0.0 |       5 |       0 |   0.0
      Sewer |       0 |     388 | 100.0 |       0 |      59 | 100.0
            +---------+---------+-------+---------+---------+-------
